 Dungeon Crawl Stone Soup version 0.28.0-53-g5a82cb258f (webtiles) character file.

Game seed: 10545151467699229795

275 raph the Firebug (level 6, -14/53 HPs)
             Began as a Draconian Cinder Acolyte on June 20, 2022.
             Was an Elder of Ignis.
             Killed by divine providence
             ... invoked by an orc priest
              (15 damage)
             ... on level 4 of the Dungeon.
             The game lasted 00:03:55 (3495 turns).

raph the Firebug (Draconian Cinder Acolyte)         Turns: 3495, Time: 00:03:56

Health: -14/53     AC: 15    Str: 16    XL:     6   Next: 3%
Magic:  9/9        EV: 11    Int: 14    God:    Ignis [****..]
Gold:   112        SH:  0    Dex:  9    Spells: 7/9 levels left

rFire   + . .      SeeInvis .   a - -1 falchion (flame)
rCold   . . .      Faith    .   (no shield)
rNeg    . . .      Spirit   .   (armour unavailable)
rPois   .          Reflect  .   (helmet restricted)
rElec   .          Harm     .   e - +0 cloak
rCorr   +          Rampage  .   (no gloves)
Will    .....                   c - +0 pair of boots
Stlth   +.........              (no amulet)
HPRegen 0.17/turn               i - ring of resist corrosion
MPRegen 0.11/turn               (no ring)

@: fiery-armoured, hasted, very quick
A: AC +6, unfitting armour, cold-blooded
a: Renounce Religion, Fiery Armour, Foxfire Swarm, Rising Flame


You were on level 4 of the Dungeon.
You worshipped Ignis.
Ignis was greatly pleased with you.
You visited 1 branch of the dungeon, and saw 4 of its levels.

You collected 112 gold pieces.

Inventory:

Hand Weapons
 a - a -1 falchion of flaming (weapon)
Missiles
 d - 15 poisoned darts (quivered)
Armour
 c - a +0 pair of boots (worn)
 e - a +0 cloak (worn)
Jewellery
 i - a ring of resist corrosion (left hand)
 q - a ring of ice
Scrolls
 f - a scroll of brand weapon
 k - a scroll of vulnerability {unknown}
 l - a scroll of holy word {unknown}
 m - a scroll of magic mapping {unknown}
Potions
 b - a potion of magic
 g - 2 potions of curing
 n - a potion of berserk rage
 p - a potion of heal wounds {unknown}
 r - a potion of attraction {unknown}


   Skills:
 + Level 4.3 Fighting
 * Level 4.5 Long Blades
 + Level 2.2 Spellcasting
 * Level 4.5 Fire Magic


You had 7 spell levels left.
You knew the following spells:

 Your Spells              Type           Power      Damage    Failure   Level
a - Scorch                Fire           28%        2d6       5%          2

Your spell library contained the following spells:

 Spells                   Type           Power      Damage    Failure   Level
 Fulminant Prism          Conj/Hex       0%         3d6       93%         4
 Iskenderun's Mystic Bla  Conj/Tloc      1%         2d3       93%         4
 Lee's Rapid Deconstruct  Erth           0%         3d5*      100%        5


Dungeon Overview and Level Annotations

Branches:
Dungeon (4/15)
 Temple: D:4-7

Altars:


Innate Abilities, Weirdness & Mutations

Your plain brown scales are hard. (AC +6)
You cannot fit into any form of body armour.
You are cold-blooded and may be slowed by cold attacks.


Message History

The phantom is lightly damaged.
The orc priest mumbles some strange prayers to Beogh against you.
Beogh smites you!
The phantom hits you but does no damage.
The phantom is burned by your cloak of flames.
The phantom is moderately damaged.
You are too injured to fight recklessly!
You are too injured to fight recklessly!
You are too injured to fight recklessly!
You are too injured to fight recklessly!
You are too injured to fight recklessly!
You are too injured to fight recklessly!
You are too injured to fight recklessly!
You closely miss the phantom. You tail-slap the phantom.
The phantom is heavily damaged.
The phantom hits you.
The phantom is burned by your cloak of flames.
The phantom is severely damaged.
You hit the phantom. You burn the phantom.
The phantom is almost destroyed.
The phantom closely misses you.
You closely miss the phantom.
The phantom is almost destroyed.
The phantom hits you but does no damage.
The phantom is burned by your cloak of flames.
The phantom is almost destroyed.
You closely miss the phantom.
The phantom is almost destroyed.
The phantom hits you.
The phantom is burned by your cloak of flames.
You destroy the phantom!
The orc priest calls down the wrath of Beogh upon you.
Beogh smites you!
* * * LOW HITPOINT WARNING * * *
You have reached level 6!
Your scales feel tougher.
You feel yourself speed up. The orc barely misses you.
The orc priest calls down the wrath of Beogh upon you.
Beogh smites you!
You die...

......#. .# ... #..
#...#.. . #..# #..
......###....# #..
...#.#.#..# #.. #...#...#
#.# #oW#..# #.# ##...#
##############.#
##.#######..............#
##..oo.@...########.#...
#.######..# #...##
#.######..# ##.##
..........# ##.##
##.#######.# #####.#.##
#.#### #.# #..<.###..
.......##.####.###.#.##
#.# #....).....###.##
####.####.####.#


You could see an orc priest and an orc.

Vanquished Creatures
  A phantom (D:4)
  Crazy Yiuf (D:3)
  Jessica (D:3)
  6 adders
  4 gnolls (D:3)
  An adder skeleton (D:4)
  A worm (D:3)
  2 dart slugs (D:1)
  3 orcs
  2 ball pythons
  4 endoplasms
  A giant cockroach (D:1)
  6 goblins
  7 hobgoblins
  3 quokkas
  A bat (D:1)
  4 frilled lizards
  2 kobolds
  A rat (D:2)
51 creatures vanquished.

Vanquished Creatures (others)
  41 foxfires (D:3)
41 creatures vanquished.

Grand Total: 92 creatures vanquished

Notes
Turn   | Place    | Note
-------+----------+-------------------------------------------
     0 | D:1      | raph the Draconian Cinder Acolyte began the quest for the
                  | Orb.
     0 | D:1      | Reached XP level 1. HP: 19/19 MP: 2/2
   373 | D:1      | Reached XP level 2. HP: 26/26 MP: 3/3
   603 | D:1      | Learned a level 2 spell: Scorch
  1026 | D:2      | Reached XP level 3. HP: 25/31 MP: 5/5
  1769 | D:2      | Reached XP level 4. HP: 40/40 MP: 6/6
  2077 | D:3      | Found a runed translucent door.
  2078 | D:3      | Noticed Crazy Yiuf
  2095 | D:3      | Killed Crazy Yiuf
  2291 | D:3      | Reached XP level 5. HP: 33/46 MP: 7/7
  2684 | D:3      | Noticed Jessica
  2692 | D:3      | Killed Jessica
  3475 | D:4      | Noticed a phantom
  3492 | D:4      | Killed a phantom
  3492 | D:4      | HP: 1/46 [orc priest/divine providence (14)]
  3493 | D:4      | Reached XP level 6. HP: 1/53 MP: 9/9
  3495 | D:4      | Killed from afar by an orc priest

Illustrated notes

Levels and vault maps discovered:
D:1:      mrwooster_arrival_arrow, layout_loops_cross
D:2:      layout_loops_cross
D:3:      layout_basic, uniq_crazy_yiuf_cottage, uniq_jessica
D:4:      layout_loops_ring, minmay_temple_entry_arrows

Skill      XL: |  1  2  3  4  5 |
---------------+----------------+-----
Fighting       | 4 |  4.3
Fire Magic     | 4 |  4.5
Long Blades    | 4 |  4.5
Spellcasting   | 2 |  2.2

Action                   |  1- 3 |  4- 6 || total
-------------------------+-------+-------++-------
Melee: Falchion          |    81 |    79 ||   160
       Tailslap          |     5 |     6 ||    11
       Punch             |       |     3 ||     3
 Cast: Scorch            |       |     3 ||     3
Invok: Foxfire Swarm     |       |     2 ||     2
       Fiery Armour      |       |     1 ||     1
  Use: Scroll            |     3 |     6 ||     9
       Potion            |       |     1 ||     1
 Stab: Sleeping          |       |     1 ||     1
Armor: Skin              |    24 |    24 ||    48
Dodge: Dodged            |    50 |    41 ||    91
